 Dungeon Crawl Stone Soup version 0.30-a0-279-g4b46babb21 (webtiles) character file.

Game seed: 6724421211696347535

611 themarg the Cudgeller (level 7, -8/54 HPs)
             Began as a Gnoll Chaos Knight on Oct 16, 2022.
             Was a Plaything of Xom.
             Drowned by Edmund the water nymph (glowing shapeshifter) (11 damage)
             ... on level 6 of the Dungeon.
             The game lasted 00:10:16 (4351 turns).

themarg the Cudgeller (Gnoll Chaos Knight)          Turns: 4351, Time: 00:10:17

Health: -8/54      AC:  8    Str: 13    XL:     7   Next: 43%
Magic:  2/10       EV: 11    Int: 11    God:    Xom [.....*]
Gold:   279        SH:  0    Dex: 10    Spells: 11/11 levels left

rFire   . . .      SeeInvis .    a - +0 mace (chaos)
rCold   . . .      Faith    .    (no shield)
rNeg    . . .      Spirit   .    n - +0 ring mail
rPois   +          Reflect  .    f - +0 helmet
rElec   .          Harm     .    (no cloak)
rCorr   .          Rampage  .    F - +0 pair of gloves
Will    .....                    (no boots)
Stlth   +.........               o - amulet of regeneration
HPRegen 1.09/turn                A - ring of poison resistance
MPRegen 0.12/turn                (no ring)

@: cleaving, unable to read, unable to drink, very slow
A: fangs 1, strong nose, distributed training, clumsy 1, frail 1, inability to
drink after injury 1, inability to read after injury 1
a: Renounce Religion


You were on level 6 of the Dungeon.
You worshipped Xom.
You were Xom's teddy bear.
You visited 1 branch of the dungeon, and saw 6 of its levels.

You collected 279 gold pieces.

Inventory:

Hand Weapons
 a - a +0 mace of chaos (weapon)
 H - a +1 club of chaos
Missiles
 h - 4 boomerangs
 j - 54 stones
Armour
 f - a +0 helmet (worn)
 n - a +0 ring mail (worn)
 F - a +0 pair of gloves (worn)
Jewellery
 g - an amulet of magic regeneration
 o - an amulet of regeneration (around neck)
 A - a ring of poison resistance (left hand)
Wands
 t - a wand of digging (8)
Scrolls
 d - a scroll of brand weapon {unknown}
 e - 3 scrolls of poison {unknown}
 k - a scroll of blinking {unknown}
 q - 2 scrolls of teleportation {unknown}
 r - 2 scrolls of magic mapping {unknown}
 s - 3 scrolls of fear
 v - a scroll of noise {unknown}
 x - a scroll of immolation {unknown}
 y - 2 scrolls of identify {unknown}
 z - a scroll of silence {unknown}
 C - a scroll of summoning {unknown}
 I - a scroll of amnesia {unknown}
Potions
 b - 2 potions of heal wounds
 i - a potion of brilliance {unknown}
 l - 2 potions of attraction {unknown}
 m - 2 potions of might {unknown}
 p - a potion of flight {unknown}
 u - 2 potions of degeneration {unknown}
 w - a potion of mutation {unknown}
 B - 2 potions of cancellation {unknown}
 D - 3 potions of ambrosia {unknown}
 E - a potion of curing {unknown}
 G - a potion of magic {unknown}
Miscellaneous
 c - a piece from Xom's chessboard (15/15) (quivered)


   Skills:
 + Level 7.1 Fighting
 + Level 2.6 Short Blades
 + Level 2.6 Long Blades
 + Level 2.6 Axes
 + Level 7.1 Maces & Flails
 + Level 2.6 Polearms
 + Level 2.6 Staves
 + Level 2.6 Ranged Weapons
 + Level 2.6 Throwing
 + Level 5.3 Armour
 + Level 3.7 Dodging
 + Level 2.6 Stealth
 + Level 2.6 Shields
 + Level 2.6 Unarmed Combat
 + Level 2.6 Spellcasting
 + Level 2.1 Conjurations
 + Level 2.1 Hexes
 + Level 2.1 Summonings
 + Level 2.1 Necromancy
 + Level 2.1 Translocations
 + Level 2.1 Transmutations
 + Level 2.1 Fire Magic
 + Level 2.1 Ice Magic
 + Level 2.1 Air Magic
 + Level 2.1 Earth Magic
 + Level 2.1 Poison Magic
 + Level 2.9 Invocations
 + Level 2.6 Evocations


You had 11 spell levels left.
You didn't know any spells.
Your spell library was empty.

Dungeon Overview and Level Annotations

Branches:
Dungeon (6/15)             Temple (0/1) D:4

Altars:
Hepliaklqana
Trog
Xom

Shops:
D:3 (

Annotations:
D:6 Edmund


Innate Abilities, Weirdness & Mutations

You have very sharp teeth.
Your uncanny sense of smell can sniff out nearby items.
Your experience applies equally to all skills.
You are clumsy. (Dex -2)
You are frail. (-10% HP)
You occasionally lose the ability to drink potions when taking damage.
You occasionally lose the ability to read scrolls when taking damage.


Message History

Edmund is lightly wounded.
Edmund completely misses you.
You barely miss Edmund.
Edmund is lightly wounded.
Edmund the moth of wrath changes into a water nymph!
You hit Edmund.
Edmund's magic leaks into the air.
Edmund is lightly wounded.
You closely miss Edmund.
Edmund is lightly wounded.
You can drink potions again.
Edmund touches you. Edmund drowns you!
You feel threatened and lose the ability to drink potions!
Splash!
You fall into the shallow water.
Moving in this stuff is going to be slow.
You hit Edmund.
Edmund is moderately wounded.
You can drink potions again.
Edmund's magic is no longer disrupted.
Edmund touches you. Edmund drowns you!
You feel threatened and lose the ability to drink potions!
* * * LOW HITPOINT WARNING * * *
Edmund's watery aura covers the stone staircase leading up.
You cannot drink potions in your current state!
Splash!
You fall into the shallow water.
Moving in this stuff is going to be slow.
Edmund touches you.
* * * LOW HITPOINT WARNING * * *
Edmund drowns you!
You feel threatened and lose the ability to read scrolls!
* * * LOW HITPOINT WARNING * * *
You closely miss Edmund.
Edmund is moderately wounded.
Xom smiles on you.
Your +0 mace of chaos looks sharp.
Edmund touches you.
* * * LOW HITPOINT WARNING * * *
Edmund drowns you!
You die...
Xom snickers!

###############
#.5§.5........#
#.###########.# #.# #.#
#.#######.# #5#
#..?☼○m@..###########5##
#...~☼~.............55..
########.†######5.......
#..#.#.#.#.#.#.5####.##
# #.<...).....#.# #.#
#.##.#.#.#.#.#..# #.#
............#.## #.#
#.##.#.#.#.#.#.... ..# #
#............#.## ##


You could see Edmund the water nymph shaped shifter.

Vanquished Creatures
  A phantom (D:6)
  A necrophage (D:5)
  A howler monkey (D:6)
  A hound (D:5)
  An orc priest (D:5)
  4 iguanas
  4 orc wizards (D:5)
  3 adders
  2 white imps (D:5)
  4 worms
  2 dart slugs
  9 orcs
  5 ball pythons
  6 bats
  3 endoplasms
  6 giant cockroaches
  11 hobgoblins
  6 jackals
  9 kobolds
  3 quokkas
  2 frilled lizards
  3 goblins
  9 rats
96 creatures vanquished.

Vanquished Creatures (others)
  An orc wizard (D:5)
1 creature vanquished.

Grand Total: 97 creatures vanquished

Notes
Turn   | Place    | Note
-------+----------+-------------------------------------------
     0 | D:1      | themarg the Gnoll Chaos Knight began the quest for the Orb.
     0 | D:1      | Reached XP level 1. HP: 23/23 MP: 1/1
    14 | D:1      | XOM: silly message
   122 | D:1      | Reached XP level 2. HP: 29/29 MP: 2/2
   146 | D:1      | XOM: silly message
   717 | D:1      | Reached XP level 3. HP: 35/35 MP: 3/3
   798 | D:1      | XOM: divination: detect creatures
   923 | D:2      | Reached skill level 1 in Invocations
   939 | D:2      | Reached skill level 1 in Short Blades
   939 | D:2      | Reached skill level 1 in Long Blades
   939 | D:2      | Reached skill level 1 in Axes
   939 | D:2      | Reached skill level 1 in Polearms
   939 | D:2      | Reached skill level 1 in Staves
   939 | D:2      | Reached skill level 1 in Ranged Weapons
   939 | D:2      | Reached skill level 1 in Throwing
   939 | D:2      | Reached skill level 1 in Stealth
   939 | D:2      | Reached skill level 1 in Shields
   939 | D:2      | Reached skill level 1 in Unarmed Combat
   939 | D:2      | Reached skill level 1 in Spellcasting
   939 | D:2      | Reached skill level 1 in Evocations
  1112 | D:2      | Found a hazy altar of Hepliaklqana.
  1292 | D:2      | Reached XP level 4. HP: 40/41 MP: 5/5
  1613 | D:3      | XOM: silly message
  1808 | D:3      | Found a shimmering altar of Xom.
  1812 | D:3      | Found a bloodstained altar of Trog.
  1847 | D:3      | XOM: silly message
  1856 | D:3      | Reached skill level 1 in Conjurations
  1856 | D:3      | Reached skill level 1 in Hexes
  1856 | D:3      | Reached skill level 1 in Summonings
  1856 | D:3      | Reached skill level 1 in Necromancy
  1856 | D:3      | Reached skill level 1 in Translocations
  1856 | D:3      | Reached skill level 1 in Transmutations
  1856 | D:3      | Reached skill level 1 in Fire Magic
  1856 | D:3      | Reached skill level 1 in Ice Magic
  1856 | D:3      | Reached skill level 1 in Air Magic
  1856 | D:3      | Reached skill level 1 in Earth Magic
  1856 | D:3      | Reached skill level 1 in Poison Magic
  1929 | D:3      | Found Uskosut's Antique Weapon Boutique.
  2011 | D:4      | XOM: noise
  2497 | D:4      | XOM: divination: magic mapping
  2550 | D:4      | Reached XP level 5. HP: 47/47 MP: 7/7
  2738 | D:4      | Found a staircase to the Ecumenical Temple.
  2961 | D:5      | Entered Level 5 of the Dungeon
  2983 | D:5      | XOM: divination: detect creatures
  3014 | D:5      | Reached XP level 6. HP: 53/53 MP: 8/8
  3019 | D:5      | XOM: swap monsters
  3027 | D:5      | Reached skill level 5 in Armour
  3338 | D:5      | XOM: chaos upgrade
  3340 | D:5      | XOM: 1-stop teleportation journey
  3700 | D:5      | Reached XP level 7. HP: 55/59 MP: 10/10
  3704 | D:5      | XOM: confusion (+ monsters)
  3874 | D:5      | XOM: stat loss: -1 Int (10/11)
  4279 | D:6      | XOM: confusion
  4286 | D:6      | XOM: summons 5 friendly demons
  4321 | D:6      | Noticed Edmund
  4324 | D:6      | XOM: give mutations
  4324 | D:6      | Gained mutation: You occasionally lose the ability to drink
                  | potions when taking damage. [Xom's mischief]
  4324 | D:6      | Gained mutation: You are clumsy. (Dex -2) [Xom's mischief]
  4324 | D:6      | Gained mutation: You occasionally lose the ability to read
                  | scrolls when taking damage. [Xom's mischief]
  4324 | D:6      | Gained mutation: You are frail. (-10% HP) [Xom's mischief]
  4327 | D:6      | XOM: cleaving
  4328 | D:6      | Edmund changed into Edmund the glowing shapeshifter
  4328 | D:6      | Noticed Edmund (glowing shapeshifter)
  4328 | D:6      | Edmund the glowing shapeshifter changed into Edmund the
                  | shock serpent
  4328 | D:6      | Noticed Edmund (glowing shapeshifter)
  4330 | D:6      | Edmund the shock serpent changed into Edmund the mana viper
  4330 | D:6      | Noticed Edmund (glowing shapeshifter)
  4333 | D:6      | XOM: smoke on damage
  4335 | D:6      | Edmund the mana viper changed into Edmund the swamp dragon
  4335 | D:6      | Noticed Edmund (glowing shapeshifter)
  4337 | D:6      | Edmund the swamp dragon changed into Edmund the mana viper
  4337 | D:6      | Noticed Edmund (glowing shapeshifter)
  4341 | D:6      | Edmund the mana viper changed into Edmund the dream sheep
  4341 | D:6      | Noticed Edmund (glowing shapeshifter)
  4343 | D:6      | Edmund the dream sheep changed into Edmund the moth of
                  | wrath
  4343 | D:6      | Noticed Edmund (glowing shapeshifter)
  4346 | D:6      | Edmund the moth of wrath changed into Edmund the water
                  | nymph
  4346 | D:6      | Noticed Edmund (glowing shapeshifter)
  4351 | D:6      | XOM: cleaving
  4351 | D:6      | Drowned by Edmund the water nymph (glowing shapeshifter)

Illustrated notes

Levels and vault maps discovered:
D:1:      doesnt_arrival_eight_statues, layout_basic
D:2:      layout_basic, basic_altar
D:3:      layout_rooms, minitemple, serial_shops, shop_fountains, kennysheep_nub
D:4:      layout_basic, lemuel_temple_firewalk_b
D:5:      layout_loops_ring, kennysheep_generic_room_16
D:6:      layout_loops_ring, chequers_temple_overflow_minitemple, st_stairs_10,
          hangedman_abyss_or_decor_passed, uniq_edmund, uniq_crazy_yiuf_cottage

Skill      XL: |  1  2  3  4  5  6  7 |
---------------+----------------------+-----
Invocations    | 1 2 |  2.9
Short Blades   | 1 2 |  2.6
Long Blades    | 1 2 |  2.6
Axes           | 1 2 |  2.6
Polearms       | 1 2 |  2.6
Staves         | 1 2 |  2.6
Ranged Weapons | 1 2 |  2.6
Throwing       | 1 2 |  2.6
Stealth        | 1 2 |  2.6
Shields        | 1 2 |  2.6
Unarmed Combat | 1 2 |  2.6
Spellcasting   | 1 2 |  2.6
Evocations     | 1 2 |  2.6
Conjurations   | 1 2 |  2.1
Hexes          | 1 2 |  2.1
Summonings     | 1 2 |  2.1
Necromancy     | 1 2 |  2.1
Translocations | 1 2 |  2.1
Transmutations | 1 2 |  2.1
Fire Magic     | 1 2 |  2.1
Ice Magic      | 1 2 |  2.1
Air Magic      | 1 2 |  2.1
Earth Magic    | 1 2 |  2.1
Poison Magic   | 1 2 |  2.1
Dodging        | 3 |  3.7
Armour         | 5 |  5.3
Fighting       | 7 |  7.1
Maces & Flails | 7 |  7.1

Action                   |  1- 3 |  4- 6 |  7- 9 || total
-------------------------+-------+-------+-------++-------
Melee: Mace              |   118 |   201 |    51 ||   370
       Punch             |     2 |     4 |     1 ||     7
       Bite              |    14 |    20 |     6 ||    40
  Use: Scroll            |       |     1 |       ||     1
       Potion            |       |       |     1 ||     1
 Stab: Confused          |       |     1 |       ||     1
       Sleeping          |       |       |     1 ||     1
Armor: Leather armour    |    32 |       |       ||    32
       Ring mail         |    25 |    90 |    24 ||   139
Dodge: Dodged            |    70 |   119 |    27 ||   216

Table legend: (Time is in decaauts)
 A = Elapsed time spent in this place.
 B = Non-inter-level travel time spent in this place.
 C = Inter-level travel time spent in this place.
 D = Time resting spent in this place.
 E = Time spent auto-exploring this place.
 F = Levels seen in this place.
 G = Mean time per level.
                   A        B        C        D        E       F      G
               +--------+--------+--------+--------+--------+-----+--------+
         Total |   4374 |   4259 |    115 |    455 |   2924 |   6 |  729.0 |
       Dungeon |   4374 |   4259 |    115 |    455 |   2924 |   6 |  729.0 |
               +--------+--------+--------+--------+--------+-----+--------+

Top non-repeatable levels by time:
     D:5: 1301 daAuts
     D:4: 953 daAuts
     D:1: 807 daAuts
     D:3: 633 daAuts
     D:2: 581 daAuts
     D:6: 96 daAuts
